 Dungeon Crawl Stone Soup version 0.31-a0-233-g139696dc86 (webtiles) character file.

Game seed: 9221393759327653693

88 Decritt the Firebug (level 4, -2/36 HPs)
             Began as a Draconian Fire Elementalist on July 8, 2023.
             Slain by a worm (7 damage)
             ... on level 1 of the Dungeon.
             The game lasted 00:03:51 (1538 turns).

Decritt the Firebug (Draconian Fire Elementalist)   Turns: 1538, Time: 00:03:51

Health: -2/36      AC:  6    Str: 11    XL:     4   Next: 30%
Magic:  3/8        EV: 12    Int: 17    God:
Gold:   41         SH:  0    Dex: 11    Spells: 7/8 levels left

rFire   . . .        l - +0 flail (protect)
rCold   . . .        (no shield)
rNeg    . . .        (body armour unavailable)
rPois   +            (helmet restricted)
rElec   .            (no cloak)
rCorr   .            e - +0 pair of gloves
SInv    .            (no boots)
Will    .....        (no amulet)
Stlth   ++           j - ring of poison resistance
HPRegen 0.26/turn    (no ring)
MPRegen 0.11/turn

%: no passive effects
@: no status effects
A: AC +5, unfitting armour, cold-blooded
a: no special abilities


You were on level 1 of the Dungeon.
You visited 1 branch of the dungeon, and saw 2 of its levels.

You collected 41 gold pieces.

Inventory:

Hand Weapons
 b - a +0 dagger
 c - a +0 sling
 l - a +0 flail of protection (weapon)
Armour
 e - a +0 pair of gloves (worn)
Jewellery
 j - a ring of poison resistance (left hand)
Scrolls
 h - a scroll of teleportation {unknown}
 i - a scroll of poison {unknown}
Potions
 a - a potion of magic
 d - 3 potions of haste {unknown}
 f - 3 potions of curing {unknown}
 g - a potion of degeneration {unknown}
 k - 2 potions of lignification {unknown}


   Skills:
 * Level 2.2 Fighting
 - Level 1.7 Dodging
 - Level 1.7 Stealth
 * Level 2.7 Spellcasting
 - Level 1.0 Conjurations
 + Level 1.1 Hexes
 * Level 3.6 Fire Magic


You had 7 spell levels left.
You knew the following spells:

 Your Spells              Type           Power      Damage    Failure   Level
a - Foxfire               Conj/Fire      40%        2x1d6     7%          1

Your spell library contained the following spells:

 Spells                   Type           Power      Damage    Failure   Level
 Scorch                   Fire           28%        2d6       6%          2
 Summon Small Mammal      Summ           8%         N/A       19%         1
 Inner Flame              Hex/Fire       10%        N/A       21%         3
 Volatile Blastmotes      Fire/Tloc      16%        2d11      26%         3
 Summon Guardian Golem    Hex/Summ       4%         N/A       38%         3
 Call Canine Familiar     Summ           2%         N/A       47%         3
 Flame Wave               Conj/Fire      10%        2d6       56%         4


Dungeon Overview and Level Annotations

Branches:
Dungeon (2/15)

Altars:


Innate Abilities, Weirdness & Mutations

Your plain brown scales are hard. (AC +5)
You cannot fit into any form of body armour.
You are cold-blooded and may be slowed by cold attacks.


Message History

The orc is moderately wounded.
The foxfire hits the orc.
The orc is heavily wounded.
The orc hits you but does no damage.
Unknown command.
Casting: Foxfire (safe; 7% risk of failure)
Confirm with . or Enter, or press ? or * to list all spells.
You conjure some foxfire!
The orc hits you with a +0 flail of protection.
* * * LOW HITPOINT WARNING * * *
The foxfire hits the orc.
The orc is almost dead.
The foxfire hits the orc but does no damage.
The orc is almost dead.
The orc barely misses you.
Casting: Foxfire (safe; 7% risk of failure)
Confirm with . or Enter, or press ? or * to list all spells.
You conjure some foxfire!
The orc completely misses you.
The foxfire hits the orc.
You kill the orc!
Items here: )) [ †.
Your +0 flail of protection hums with potential!
l - a +0 flail of protection (weapon)
Your foxfire dissipates!
There is a stone staircase leading down, spattered with blood here.
You climb downwards.
The worm completely misses you.
There is a stone staircase leading up here.
The worm bites you.
* * * LOW HITPOINT WARNING * * *
You climb upwards.
There is a stone staircase leading down, spattered with blood here.
Casting: Foxfire (safe; 7% risk of failure)
Confirm with . or Enter, or press ? or * to list all spells.
You conjure some foxfire!
The foxfire hits the worm.
The worm is moderately wounded.
The foxfire hits the worm.
The worm is moderately wounded.
The worm bites you!
You die...

################
#..............#
#...#####.####.#
####...#####.####§##########
.[)'...........w@§.........#
####...#####.###[.##########
#...# #......#
####...#####.###..##########
.....(...).................#
############.###..##.#######
###### #.# #..##.# .....#
#.# #..##.#
.....#######.###..##.#


You could see a worm.

Vanquished Creatures
  Jessica (D:1)
  2 gnolls (D:1)
  A worm (D:2)
  2 dart slugs (D:1)
  3 orcs
  A bat (D:2)
  An endoplasm (D:1)
  A giant cockroach (D:1)
  3 goblins (D:1)
  5 hobgoblins
  3 quokkas
  2 ball pythons (D:1)
  2 frilled lizards
  3 kobolds
  4 rats
34 creatures vanquished.

Vanquished Creatures (collateral kills)
  2 foxfires (D:2)
2 creatures vanquished.

Vanquished Creatures (others)
  44 foxfires
44 creatures vanquished.

Grand Total: 80 creatures vanquished

Notes
Turn   | Place    | Note
-------+----------+-------------------------------------------
     0 | D:1      | Decritt the Draconian Fire Elementalist began the quest for
                  | the Orb.
     0 | D:1      | Reached XP level 1. HP: 14/14 MP: 3/3
   135 | D:1      | Reached XP level 2. HP: 18/22 MP: 5/5
   208 | D:1      | Reached skill level 1 in Fighting
   474 | D:1      | Reached XP level 3. HP: 28/28 MP: 6/6
  1291 | D:2      | Reached skill level 1 in Hexes
  1404 | D:2      | Noticed Jessica
  1425 | D:1      | Killed Jessica
  1426 | D:1      | Reached XP level 4. HP: 36/36 MP: 1/8
  1538 | D:1      | Slain by a worm

Illustrated notes

Levels and vault maps discovered:
D:1:      roderic_dead_forest, layout_basic, chequers_mini_garden
D:2:      layout_basic, shapermc_ecumenical_altar_mp_urbaneastern, uniq_jessica,
          uniq_terence

Skill      XL: |  1  2  3 |
---------------+----------+-----
Fighting       | 1 2 |  2.2
Hexes          | 1 |  1.1
Dodging        | |  1.7
Stealth        | |  1.7
Spellcasting   | |  2.7
Conjurations   | |  1.0
Fire Magic     | |  3.6

Action                     |  1- 3 |  4- 6 || total
---------------------------+-------+-------++-------
   Fire: Sling             |   130 |     3 ||   133
   Cast: Foxfire           |    20 |    10 ||    30
 Armour: Skin              |    44 |     4 ||    48
  Dodge: Dodged            |    75 |    15 ||    90

Table legend: (Time is in decaauts)
 A = Elapsed time spent in this place.
 B = Non-inter-level travel time spent in this place.
 C = Inter-level travel time spent in this place.
 D = Time resting spent in this place.
 E = Time spent auto-exploring this place.
 F = Levels seen in this place.
 G = Mean time per level.
                   A        B        C        D        E       F      G
               +--------+--------+--------+--------+--------+-----+--------+
         Total |   1593 |   1570 |     23 |      0 |   1158 |   2 |  796.5 |
       Dungeon |   1593 |   1570 |     23 |      0 |   1158 |   2 |  796.5 |
               +--------+--------+--------+--------+--------+-----+--------+

Top non-repeatable levels by time:
     D:1: 1059 daAuts
     D:2: 534 daAuts
